AoeStats
← lethalyabbie

Golden Pit

503359761Analyzed
1v1 RM · 1mo ago on Aug 31, 2026· 25m 50s· 2 players
Game mode
Random Map
Map size
Tiny (2 player)
Population
200
Speed
Normal
Resources
Standard
Victory
Conquest
Starting age
Dark Age
Ending age
Imperial Age
RankedLock teamsTeams togetherTeam positionsShared explorationLock speedFull tech treeHidden civsTurbo modeCheats
Victory
Defeat
🇦🇺 Franks · Australia
677
+6
🇦🇺 Jurchens · Australia
430
-6
aggl1005
1:02 Loom
13:09 Feudal Age
13:45 Double-Bit Axe
13:44 Horse Collar
14:44 Wheelbarrow
14:04 Gold Mining
14:07 Stone Mining
27:33 Castle Age
25:23 Town Watch
lethalyabbie
6:41 Loom
10:06 Feudal Age
10:57 Double-Bit Axe
17:03 Scale Barding Armor
23:41 Castle Age
Connection lost

Rejoining the realm…

Still unreachable

The connection could not be restored.

Session expired

The server has moved on; the page needs a fresh start.